 Dungeon Crawl Stone Soup version 0.31-a0-232-gb1c03b2570 (webtiles) character file.

Game seed: 12676037043215534864

169 Ijustatesigmund the Stinger (level 5, -5/33 HPs)
             Began as an Octopode Venom Mage on July 7, 2023.
             Slain by a sleepcap (8 damage)
             ... on level 3 of the Dungeon.
             The game lasted 00:04:07 (2480 turns).

Ijustatesigmund the Stinger (Octopode Venom Mage)   Turns: 2480, Time: 00:04:09

Health: -5/33      AC:  1    Str:  7    XL:     5   Next: 50%
Magic:  8/9        EV: 13    Int: 20    God:
Gold:   132        SH:  0    Dex: 12    Spells: 0/10 levels left

rFire   . . .        c - +3 spear
rCold   . . .        (no shield)
rNeg    . . .        (helmet restricted)
rPois   .            (no amulet)
rElec   .            (no ring)
rCorr   .            (no ring)
SInv    .            (no ring)
Will    .....        (no ring)
Stlth   +++          (no ring)
HPRegen 0.25/turn    (no ring)
MPRegen 0.11/turn    (no ring)
                     (no ring)

%: no passive effects
@: no status effects
A: almost no armour, amphibious, 8 rings, camouflage 1, gelatinous body 1,
(nimble swimmer 1), tentacles
a: no special abilities


You were on level 3 of the Dungeon.
You visited 1 branch of the dungeon, and saw 3 of its levels.

You collected 132 gold pieces.

Inventory:

Hand Weapons
 c - a +3 spear (weapon)
Magical Staves
 k - a staff of fire
Jewellery
 b - a ring of ice
Wands
 h - a wand of flame (23)
Scrolls
 d - 2 scrolls of revelation {unknown}
 e - a scroll of brand weapon {unknown}
 f - 3 scrolls of noise {unknown}
 g - a scroll of silence {unknown}
 l - a scroll of identify {unknown}
Potions
 a - a potion of magic
 i - a potion of mutation {unknown}
 j - a potion of heal wounds {unknown}
 m - a potion of haste {unknown}


   Skills:
 - Level 1.1 Fighting
 - Level 2.0 Dodging
 - Level 2.6 Stealth
 + Level 3.1 Spellcasting
 + Level 1.7 Conjurations
 - Level 1.0 Transmutations
 + Level 2.1 Air Magic
 + Level 4.8 Poison Magic


You couldn't memorise any spells.
You knew the following spells:

 Your Spells              Type           Power      Damage    Failure   Level
a - Sting                 Tmut/Pois      56%        1d5       4%          1
b - Poisonous Vapours     Pois/Air       34%        N/A       4%          2
c - Mephitic Cloud        Conj/Pois/Air  14%        N/A       13%         3
d - Olgreb's Toxic Radia  Pois           22%        N/A       19%         4

Your spell library contained the following spells:

 Spells                   Type           Power      Damage    Failure   Level
 Sublimation of Blood     Necr           3%         N/A       22%         2
 Petrify                  Tmut/Erth      5%         N/A       75%         4
 Irradiate                Conj/Tmut      4%         3d13      92%         5


Dungeon Overview and Level Annotations

Branches:
Dungeon (3/15)

Altars:


Innate Abilities, Weirdness & Mutations

You cannot wear most types of armour.
You are amphibious.
You can wear up to eight rings at the same time.
Your skin changes colour to match your surroundings (Stealth+).
Your rubbery body absorbs attacks. (AC +1, EV +1)
((You are camouflaged when in or above water. (Stealth+)))
You have tentacles for arms and can constrict up to eight enemies at once.


Message History

Press: ? - help, Dir - move target, f - goblin
Aim: a goblin, wielding a +0 club Poisonous vapours surround the goblin!
The goblin is poisoned.
A sleepcap comes into view.
You reach to attack!
You hit the goblin.
You kill the goblin!
You see here a +0 club.
You hit the sleepcap but do no damage. You grab the sleepcap.
You squeeze the sleepcap.
The sleepcap is lightly damaged.
You constrict the sleepcap. The sleepcap barely misses you.
You hit the sleepcap.
The sleepcap is moderately damaged.
You constrict the sleepcap. The sleepcap releases spores at you.
You are engulfed in a cloud of soporific spores!
You fall asleep.
You lose your grip on the sleepcap.
The sleepcap releases spores at you!!
You wake up.
Ouch! That really hurt!
You hit the sleepcap but do no damage. You grab the sleepcap.
The sleepcap is moderately damaged.
You constrict the sleepcap. The sleepcap closely misses you.
You hit the sleepcap.
The sleepcap is heavily damaged.
You constrict the sleepcap, but do no damage.
The sleepcap closely misses you.
You completely miss the sleepcap.
The sleepcap is heavily damaged.
You constrict the sleepcap. The sleepcap releases spores at you.
* * * LOW HITPOINT WARNING * * *
You hit the sleepcap but do no damage.
The sleepcap is severely damaged.
You constrict the sleepcap. The sleepcap barely misses you.
You hit the sleepcap.
The sleepcap is severely damaged.
You constrict the sleepcap, but do no damage.
The sleepcap releases spores at you.
* * * LOW HITPOINT WARNING * * *
The sleepcap releases spores at you!
You die...

#######################
.....#...†#...........
...#.#..#...#..##..[
#f#.#....#.#...).##
#.@.#.#..#...##....
#.....#............
####.##.###########
#..........# ##
#########.## #. #.#
#######. #.#####.......
#.......###### .####
#....####


You could see a sleepcap.

Vanquished Creatures
  An orc wizard (D:3)
  A gnoll (D:3)
  3 adders
  2 worms
  2 dart slugs
  6 orcs (D:3)
  5 ball pythons
  8 endoplasms
  2 giant cockroaches
  2 hobgoblins (D:3)
  12 jackals
  4 quokkas
  5 bats
  8 frilled lizards
  9 goblins
  9 kobolds
  8 rats
87 creatures vanquished.

Notes
Turn   | Place    | Note
-------+----------+-------------------------------------------
     0 | D:1      | Ijustatesigmund the Octopode Venom Mage began the quest for
                  | the Orb.
     0 | D:1      | Reached XP level 1. HP: 11/11 MP: 3/3
   109 | D:1      | Reached XP level 2. HP: 4/18 MP: 0/5
   163 | D:1      | Learned a level 2 spell: Poisonous Vapours
   269 | D:1      | Reached skill level 1 in Fighting
   269 | D:1      | Reached skill level 4 in Poison Magic
   509 | D:1      | Reached XP level 3. HP: 23/23 MP: 3/6
   518 | D:1      | Learned a level 3 spell: Mephitic Cloud
  1028 | D:2      | Reached skill level 1 in Air Magic
  1113 | D:2      | Reached XP level 4. HP: 23/28 MP: 2/7
  1470 | D:2      | Reached skill level 1 in Conjurations
  1722 | D:2      | Found a faded altar of an unknown god.
  2196 | D:3      | Reached XP level 5. HP: 20/33 MP: 3/9
  2204 | D:3      | Learned a level 4 spell: Olgreb's Toxic Radiance
  2480 | D:3      | Slain by a sleepcap

Illustrated notes

Levels and vault maps discovered:
D:1:      dpeg_arrival_concentric_ovals, layout_rooms, lexackson_kobold_supper
D:2:      layout_basic, hellmonk_ecumenical_altar_blasted, dk_noncrumbling_4
D:3:      minmay_thinvault, layout_rooms, nrook_mini_vaults

Skill      XL: |  1  2  3  4  5 |
---------------+----------------+-----
Fighting       | 1 |  1.1
Poison Magic   | 4 |  4.8
Air Magic      | 1 2 |  2.1
Conjurations   | 1 |  1.7
Spellcasting   | 3 |  3.1
Dodging        | |  2.0
Stealth        | |  2.6
Transmutations | |  1.0

Action                     |  1- 3 |  4- 6 || total
---------------------------+-------+-------++-------
  Melee: Mace              |    18 |       ||    18
         Tentacles         |    11 |    15 ||    26
         Constrict         |    11 |    20 ||    31
         Spear             |    40 |    85 ||   125
   Cast: Sting             |     6 |       ||     6
         Poisonous Vapours |    13 |    27 ||    40
         Mephitic Cloud    |       |     3 ||     3
    Use: Scroll            |       |     1 ||     1
   Stab: Sleeping          |     2 |     4 ||     6
 Armour: Skin              |     7 |     8 ||    15
  Dodge: Dodged            |    20 |    43 ||    63

Table legend: (Time is in decaauts)
 A = Elapsed time spent in this place.
 B = Non-inter-level travel time spent in this place.
 C = Inter-level travel time spent in this place.
 D = Time resting spent in this place.
 E = Time spent auto-exploring this place.
 F = Levels seen in this place.
 G = Mean time per level.
                   A        B        C        D        E       F      G
               +--------+--------+--------+--------+--------+-----+--------+
         Total |   2498 |   2435 |     63 |    169 |   1824 |   3 |  832.7 |
       Dungeon |   2498 |   2435 |     63 |    169 |   1824 |   3 |  832.7 |
               +--------+--------+--------+--------+--------+-----+--------+

Top non-repeatable levels by time:
     D:2: 1056 daAuts
     D:1: 898 daAuts
     D:3: 543 daAuts
